 Dungeon Crawl Stone Soup version 0.27.1-2-g3b301248ec (webtiles) character file.

Game seed: 535316654145301477

17071 loralnil the Geomancer (level 12, -13/68 HPs)
             Began as a Deep Elf Earth Elementalist on Oct 1, 2021.
             Was an Elder of Sif Muna.
             Shot with an arrow by a centaur warrior (16 damage)
             ... on level 13 of the Dungeon.
             The game lasted 00:27:31 (15976 turns).

loralnil the Geomancer (DEEE)                      Turns: 15976, Time: 00:27:32

Health: -13/68     AC:  6    Str:  8    XL:     12   Next: 15%
Magic:  21/27      EV: 17    Int: 32    God:    Sif Muna [****..]
Gold:   634        SH:  0    Dex: 18    Spells: 16/29 levels left

rFire    . . .     SeeInvis +   a - +7 dagger "Neschy" {vorpal, Str+3 Dex+3 SInv}
rCold    . . .     Faith    .   (no shield)
rNeg     . . .     Spirit   .   v - +2 robe
rPois    .         Reflect  .   K - +2 hat {SInv}
rElec    .         Harm     .   e - scarf {repulsion}
rCorr    .         Rampage  .   (no gloves)
Will     +....                  (no boots)
Stlth    ++++......             r - amulet of regeneration
HPRegen  1.21/turn              T - +6 ring of intelligence
MPRegen  0.20/turn              M - ring of wizardry

@: repel missiles
A: no striking features
a: Renounce Religion, Channel Magic, Forget Spell, Divine Exegesis


You were on level 13 of the Dungeon.
You worshipped Sif Muna.
Sif Muna was greatly pleased with you.
You visited 2 branches of the dungeon, and saw 13 of its levels.
You also visited: Bailey.

You collected 683 gold pieces.
You spent 49 gold pieces at shops.

Inventory:

Hand Weapons
 a - the +7 dagger "Neschy" (weapon) {vorpal, Str+3 Dex+3 SInv}
   (You found it on level 9 of the Dungeon)

   It inflicts extra damage upon your enemies.
   Str:       It affects your strength (+3).
   Dex:       It affects your dexterity (+3).
   SInv:      It lets you see invisible.
Missiles
 c - 93 stones
 L - a throwing net
Armour
 e - a scarf of repulsion (worn)
 o - a +0 buckler
 v - a +2 robe (worn)
 K - a +2 hat of see invisible (worn)
Jewellery
 l - a +4 ring of protection
 p - a ring of fire
 r - an amulet of regeneration (around neck)
 F - a ring of protection from cold
 H - a ring of poison resistance
 M - a ring of wizardry (right hand)
 S - a +4 ring of evasion
 T - a +6 ring of intelligence (left hand)
Wands
 g - a wand of iceblast (6)
 E - a wand of flame (47)
 P - a wand of digging (6)
 Q - a wand of paralysis (10)
 U - a wand of acid (11)
Scrolls
 b - 3 scrolls of amnesia {unknown}
 f - a scroll of acquirement {unknown}
 h - 3 scrolls of magic mapping {unknown}
 j - 2 scrolls of fear
 t - a scroll of vulnerability
 u - 3 scrolls of immolation
 w - 6 scrolls of teleportation
 x - a scroll of holy word {unknown}
 y - 3 scrolls of enchant weapon
 B - 3 scrolls of fog {unknown}
 C - 2 scrolls of summoning {unknown}
 D - a scroll of blinking {unknown}
 I - a scroll of torment {unknown}
 O - a scroll of enchant armour {unknown}
 V - a scroll of identify
Potions
 d - 6 potions of curing
 i - 3 potions of lignification
 k - 2 potions of brilliance
 m - 4 potions of attraction {unknown}
 n - a potion of cancellation {unknown}
 q - a potion of heal wounds {unknown}
 s - 2 potions of berserk rage {unknown}
 z - 4 potions of magic {unknown}
 A - 3 potions of haste {unknown}
 G - 2 potions of might {unknown}
 J - a potion of mutation {unknown}
 N - 2 potions of flight {unknown}
 R - a potion of degeneration {unknown}


   Skills:
 - Level 5.0 Fighting
 - Level 8.0 Dodging
 - Level 8.0 Stealth
 - Level 9.0 Spellcasting
 - Level 11.0 Conjurations
 + Level 3.6 Transmutations
 - Level 6.0 Air Magic
 + Level 11.4 Earth Magic


You had 16 spell levels left.
You knew the following spells:

 Your Spells              Type           Power      Damage    Failure   Level
a - Sandblast             Erth           100%       2d20      1%          1
b - Passwall              Tmut/Erth      48%        N/A       1%          2
c - Stone Arrow           Conj/Erth      100%       3d13      1%          3
d - Petrify               Tmut/Erth      58%        N/A       1%          4
e - Swiftness             Air            51%        N/A       1%          3

Your spell library contained the following spells:

 Spells                   Type           Power      Damage    Failure   Level
 Animate Skeleton         Necr           28%        N/A       1%          1
 Apportation              Tloc           28%        N/A       1%          1
 Corona                   Hex            15%        N/A       1%          1
 Shock                    Conj/Air       100%       1d9       1%          1
 Sting                    Tmut/Pois      100%       1d8       1%          1
 Summon Small Mammal      Summ           56%        N/A       1%          1
 Poisonous Vapours        Pois/Air       66%        N/A       1%          2
 Airstrike                Air            25%        N/A       1%          4
 Gell's Gravitas          Tloc           7%         N/A       4%          3
 Teleport Other           Tloc           14%        N/A       4%          3
 Tukima's Dance           Hex            14%        N/A       4%          3
 Freezing Cloud           Conj/Ice/Air   25%        6-21      4%          5
 Silence                  Hex/Air        16%        N/A       11%         5
 Olgreb's Toxic Radiance  Pois           14%        N/A       13%         4
 Passage of Golubria      Tloc           N/A        N/A       13%         4
 Yara's Violent Unravell  Hex/Tmut       13%        3d7       17%         5
 Lehudib's Crystal Spear  Conj/Erth      36%        10d9      63%         8
 Dispersal                Tloc           7%         N/A       87%         6
 Simulacrum               Ice/Necr       7%         N/A       87%         6
 Polar Vortex             Ice            7%         N/A       100%        9


Dungeon Overview and Level Annotations

Branches:
Dungeon (11/15)            Temple (1/1) D:6            Lair (0/6) D:10
    Orc (0/2) D:11         Bailey (visited)

Altars:
Cheibriados
Elyvilon
Gozag
Kikubaaqudgha
Makhleb
Nemelex Xobeh
Qazlal
Ru
Sif Muna
Trog
Uskayaw
Vehumet
Wu Jian
Xom
Zin

Shops:
D:4 **

Portals:
Bazaar: D:11


Message History

Press: ? - help, Shift-Dir - straight line, f/p - manticore
Aim: a manticore (heavily wounded, 87% to hit)
The stone arrow hits the manticore!!
You kill the manticore!
Sif Muna accepts your kill.
You start resting.
Magic restored.
A manticore comes into view.
A centaur warrior comes into view.
The centaur warrior shouts!
You hear a shout!
The centaur warrior wields a +0 shortbow.
The centaur warrior shoots an arrow.
The arrow hits you!!
The centaur warrior shoots an arrow.
The arrow misses you.
Casting: Stone Arrow (safe; 1% risk of failure)
Confirm with . or Enter, or press ? or * to list all spells.
You can't see any susceptible monsters within range! (Use Z to cast anyway.)
The centaur warrior shoots an arrow.
The arrow barely misses you.
Casting: Stone Arrow (safe; 1% risk of failure)
Confirm with . or Enter, or press ? or * to list all spells.
Aiming: Stone Arrow (safe; 1% risk of failure)
Press: ? - help, Shift-Dir - straight line, f - centaur warrior
Aim: a centaur warrior, wielding a +0 shortbow and quivering arrows (84% to hit)
The stone arrow hits the centaur warrior!!
The centaur warrior is heavily wounded.
The centaur warrior shoots an arrow.
The arrow hits you!
A centaur warrior comes into view.
The centaur warrior shoots an arrow.
The arrow hits you!
The centaur warrior shouts!
Casting: Stone Arrow (safe; 1% risk of failure)
Confirm with . or Enter, or press ? or * to list all spells.
Aiming: Stone Arrow (safe; 1% risk of failure)
Press: ? - help, Shift-Dir - straight line, f/p - centaur warrior
Aim: a centaur warrior, wielding a +0 shortbow and quivering arrows (heavily wounded, 84% to hit)
The stone arrow hits the centaur warrior!!
The centaur warrior is almost dead.
The centaur warrior wields a +0 longbow.
The centaur warrior shoots an arrow.
The arrow hits you!!
* * * LOW HITPOINT WARNING * * *
The centaur warrior shoots an arrow.
The arrow hits you!
You die...

.................#
......c.............##
.....!....#...........
..........#...........
....c.......†.........
......................
......................
....................#
#.....@......#....##
#............#..#.#
#.....>.....###.# #
#...........## ..
#...#.......# ...
............# ...
#............ .#.#
###.......####
###.....#


You could see 2 centaur warriors.

Vanquished Creatures
  Gastronok (D:8)
  A boulder beetle (D:11)
  Erica (D:11)
  2 two-headed ogres
  Pikel (D:3)
  A manticore (D:13)
  A kobold demonologist (D:11)
  A merfolk (D:9)
  A hornet (D:8)
  A vampire (D:9)
  4 shadows
  28 yaks
  A human (D:11)
  A wraith (D:9)
  A steam dragon (D:5)
  Menkaure (D:6)
  12 orc warriors
  2 black bears
  2 sky beasts
  7 centaurs
  2 ogres
  3 necrophages
  3 phantoms
  2 kobold brigands
  Blork the orc (D:5)
  A bullfrog (D:10)
  A gnoll sergeant (D:6)
  11 scorpions
  A troll zombie (D:11)
  7 killer bees (D:9)
  5 wights (D:8)
  3 howler monkeys (D:7)
  4 centaur zombies
  Crazy Yiuf (D:2)
  4 orc priests
  3 bullfrog skeletons
  A gnoll shaman (D:6)
  2 hounds (D:6)
  4 jellies
  2 centaur skeletons
  9 orc wizards
  Terence (D:3)
  Natasha (twice) (D:4)
  2 iguanas (D:7)
  A killer bee zombie (D:9)
  7 ogre zombies (D:11)
  A howler monkey zombie (D:8)
  Robin (D:4)
  7 gnolls (D:6)
  A howler monkey skeleton (D:4)
  10 adders
  2 white imps
  2 ufetubi
  An adder skeleton (D:4)
  A dart slug (D:1)
  3 worms
  36 orcs
  11 ball pythons
  9 bats
  5 endoplasms
  3 giant cockroaches
  10 goblins
  14 hobgoblins
  8 jackals
  15 kobolds
  4 quokkas
  5 frilled lizards
  3 goblin skeletons (D:11)
  2 goblin zombies (D:11)
  A hobgoblin skeleton (D:11)
  A hobgoblin zombie (D:11)
  An orc skeleton (D:11)
  17 orc zombies (D:11)
  6 rats
333 creatures vanquished.

Vanquished Creatures (others)
  4 fungi
4 creatures vanquished.

Grand Total: 337 creatures vanquished

Notes
Turn   | Place    | Note
-------+----------+-------------------------------------------
     0 | D:1      | loralnil the Deep Elf Earth Elementalist began the quest
                  | for the Orb.
     0 | D:1      | Reached XP level 1. HP: 10/10 MP: 6/6
   157 | D:1      | Reached XP level 2. HP: 15/15 MP: 6/8
   714 | D:1      | Reached XP level 3. HP: 19/19 MP: 4/10
   717 | D:1      | Learned a level 2 spell: Passwall
   721 | D:1      | Learned a level 3 spell: Stone Arrow
  1592 | D:2      | Reached skill level 1 in Conjurations
  1740 | D:2      | Found a runed translucent door.
  1741 | D:2      | Noticed Crazy Yiuf
  1747 | D:2      | Killed Crazy Yiuf
  1748 | D:2      | Reached XP level 4. HP: 10/24 MP: 7/12
  1975 | D:3      | Noticed Terence
  1982 | D:3      | Killed Terence
  2072 | D:2      | Reached XP level 5. HP: 19/28 MP: 7/14
  2189 | D:2      | Reached skill level 5 in Spellcasting
  3259 | D:4      | Found Maushrawna's General Store.
  3262 | D:4      | Found Onuaf's Specific Store.
  3307 | D:4      | Bought a scroll of fear for 49 gold pieces
  3327 | D:4      | Reached skill level 5 in Earth Magic
  3327 | D:4      | Reached XP level 6. HP: 32/32 MP: 9/16
  3390 | D:4      | Noticed Robin
  3537 | D:4      | Killed Robin
  4004 | D:4      | Noticed Pikel
  4047 | D:3      | Killed Pikel
  4048 | D:3      | Reached skill level 5 in Conjurations
  4048 | D:3      | Reached XP level 7. HP: 35/36 MP: 1/18
  4624 | D:4      | Noticed Natasha
  4628 | D:4      | Killed Natasha
  4851 | D:5      | Entered Level 5 of the Dungeon
  5090 | D:5      | Reached XP level 8. HP: 41/41 MP: 10/20
  5183 | D:4      | Noticed Natasha
  5184 | D:4      | Killed Natasha
  5314 | D:5      | Learned a level 4 spell: Petrify
  5631 | D:5      | Reached XP level 9. HP: 45/45 MP: 14/21
  6239 | D:5      | Noticed Blork the orc
  6257 | D:5      | Killed Blork the orc
  6709 | D:5      | Reached skill level 1 in Fighting
  7197 | D:6      | Found an ornate altar of the Wu Jian Council.
  7212 | D:6      | Found a shimmering altar of Xom.
  7212 | D:6      | Found a white marble altar of Elyvilon.
  7212 | D:6      | Found an opulent altar of Gozag.
  7214 | D:6      | Found a hide-covered altar of Uskayaw.
  7246 | D:6      | Noticed Menkaure
  7249 | D:6      | Killed Menkaure
  7366 | D:6      | Reached skill level 5 in Stealth
  7584 | D:6      | Found a staircase to the Ecumenical Temple.
  7589 | Temple   | Entered the Ecumenical Temple
  7602 | Temple   | Became a worshipper of Sif Muna the Loreminder
  7988 | D:7      | Reached skill level 5 in Dodging
  8199 | D:7      | Identified the +5 ring mail of Aluocoh {rF+ Str+3}
  8520 | D:7      | Reached XP level 10. HP: 55/56 MP: 9/22
  8915 | D:7      | Found a stormy altar of Qazlal.
  9191 | D:8      | Reached * piety under Sif Muna
  9426 | D:8      | Found a sacrificial altar of Ru.
  9514 | D:8      | Noticed Gastronok
  9528 | D:8      | Killed Gastronok
  9765 | D:8      | Reached skill level 5 in Fighting
  9913 | D:8      | Noticed a two-headed ogre
  9919 | D:8      | Killed a two-headed ogre
 10351 | D:9      | Noticed a two-headed ogre
 10359 | D:9      | Killed a two-headed ogre
 10360 | D:9      | Reached XP level 11. HP: 29/63 MP: 9/24
 10472 | D:9      | Identified the +7 dagger "Neschy" {vorpal, Str+3 Dex+3
                  | SInv}
 10614 | D:9      | Found a flagged portal.
 10619 | D:9      | Identified the +11 halberd "Newtbane" {elec, *Noise rF+
                  | rN++ rCorr}
 10622 | Bailey   | Entered a bailey
 11057 | Bailey   | Noticed an orc knight
 11066 | D:9      | Reached skill level 10 in Conjurations
 11192 | D:9      | Reached skill level 10 in Earth Magic
 11938 | D:9      | Reached ** piety under Sif Muna
 12191 | D:10     | Entered Level 10 of the Dungeon
 12682 | D:10     | Learned a level 3 spell: Swiftness
 13403 | D:10     | Found a radiant altar of Vehumet.
 13488 | D:10     | Reached skill level 1 in Air Magic
 13601 | D:10     | Found a staircase to the Lair.
 13755 | D:10     | Found the +7 Singing Sword {vorpal, sonic wave}
 13904 | D:11     | Found a staircase to the Orcish Mines.
 13904 | D:11     | Noticed Erica
 14063 | D:11     | Reached *** piety under Sif Muna
 14858 | D:11     | Killed Erica
 14859 | D:11     | Reached skill level 5 in Air Magic
 15374 | D:11     | Noticed a boulder beetle
 15383 | D:11     | Killed a boulder beetle
 15384 | D:11     | Reached XP level 12. HP: 68/68 MP: 9/27
 15506 | D:11     | Found a gateway to a bazaar.
 15530 | D:11     | Reached **** piety under Sif Muna
 15920 | D:11     | You fall into a shaft and drop 2 floors!
 15971 | D:13     | Noticed a centaur warrior
 15975 | D:13     | Noticed a centaur warrior
 15976 | D:13     | HP: 3/68 [centaur warrior/arrow (21)]
 15976 | D:13     | Shot with an arrow by a centaur warrior

Illustrated notes

Levels and vault maps discovered:
D:1:      co_arrival_random_square_maze, layout_basic
D:2:      layout_loops_cross, dk_noncrumbling_4, uniq_crazy_yiuf_cottage
D:3:      layout_loops_ring, uniq_terence
D:4:      layout_rooms, nicolae_specific_store, glass_columns_a,
          minmay_snake_closets, uniq_pikel, uniq_robin, uniq_natasha
D:5:      layout_basic, grunt_ministairs_11, uniq_blork_the_orc
D:6:      layout_cave_pools, minitemple, temple_doors_e,
          cheibrodos_sewer_entry_bend, uniq_menkaure
D:7:      layout_rooms, grunt_qazlal_sundering
D:8:      layout_loops_ring, kennysheep_mini_moat, uniq_gastronok
D:9:      layout_grid_maze, enter_bailey_2, hangedman_fish_farm
D:10:     old_forge, layout_gridville, lemuel_round_altar,
          grunt_lair_entry_orc_guard_hut, st_stairs_12
D:11:     layout_gridville, zombieorc2_lemuel, serial_rivers,
          chequers_serial_rivers_micro_d, chequers_serial_rivers_micro_a,
          chequers_serial_rivers_micro_a, chequers_serial_rivers_micro_a,
          chequers_serial_rivers_large_a, chequers_serial_rivers_micro_b,
          serial_shops, bzr_entry_customers, uniq_erica
D:13:     layout_cave_pools, grunt_vaults_entry_tiered,
          gammafunk_ghost_berserking_beasts, serial_shops,
          kennysheep_little_box, minmay_diamond_spiral, uniq_rupert, uniq_kirke
Temple:   zaba_magenta_temple

Skill      XL: |  1  2  3  4  5  6  7  8  9 10 11 12 |
---------------+-------------------------------------+-----
Spellcasting   | 4 5 6 7 9 |  9.0
Earth Magic    | 4 5 6 8 9 11 | 11.4
Conjurations   | 1 2 3 5 6 8 9 11 | 11.0
Stealth        | 6 8 |  8.0
Fighting       | 3 5 |  5.0
Dodging        | 5 8 |  8.0
Air Magic      | 6 |  6.0
Transmutations | 3 |  3.6

Action                   |  1- 3 |  4- 6 |  7- 9 | 10-12 || total
-------------------------+-------+-------+-------+-------++-------
Melee: Quarterstaff      |     7 |     7 |       |       ||    14
       Dagger            |       |       |       |    11 ||    11
 Cast: Sandblast         |    59 |    32 |    22 |    57 ||   170
       Stone Arrow       |       |    53 |   125 |   270 ||   448
  Use: Scroll            |       |       |     4 |     6 ||    10
Armor: Robe              |     6 |    11 |    25 |    26 ||    68
Dodge: Dodged            |     7 |    17 |    51 |   150 ||   225
       Repelled          |     1 |       |     1 |     4 ||     6
